cohdb
Replays
Latest Replays
All Replays
Popular Replays
Top Player Replays
Match Explorer
How It Works
Community
CoH3 Stats
Reddit
Sign in to upload your games and track your stats! →
Sign in with Steam
Match 44265697
Unlisted
Match 44265697
Overview
Messages
Build Orders
End
Scout Squad
Scout Squad
Construct Weapon Support Center
Selects Armored Battlegroup
Selects Veteran Crews
M1919 Machine Gun Team
M1919 Machine Gun Team
M1919 Machine Gun Team
Scout Squad
Infantry Support Center
小芙丽娅
Barbarossa
0
0
Comments
sign in to comment!
No comments posted yet!